 Dungeon Crawl Stone Soup version 0.27-a0-1590-g15f69828bf (webtiles) character file.

Game seed: 12154980385350073272

3586 MovingMist the Covered (level 10, -4/64 HPs)
             Began as a Gargoyle Fighter on July 18, 2021.
             Was a Priest of Okawaru.
             Slain by a kobold brigand (7 damage)
             ... on level 8 of the Dungeon.
             The game lasted 00:18:23 (10369 turns).

MovingMist the Covered (Gargoyle Fighter)          Turns: 10369, Time: 00:18:23

Health: -4/64      AC: 20    Str: 20    XL:     10   Next: 10%
Magic:  10/10      EV:  8    Int:  9    God:    Okawaru [***...]
Gold:   263        SH:  0    Dex: 12    Spells: 9/9 levels left

rFire    . . .     SeeInvis .   D - +0 battleaxe
rCold    . . .     Faith    .   (shield currently unavailable)
rNeg     + . .     Spirit   .   k - +0 plate armour
rPois    ∞         Reflect  .   (no helmet)
rElec    +         Harm     .   (no cloak)
rCorr    .         Rampage  .   (no gloves)
Will     +....                  (no boots)
Stlth    ..........             (no amulet)
HPRegen  0.20/turn              t - ring of willpower
MPRegen  0.12/turn              (no ring)

@: no status effects
A: sickness immunity, AC +7, negative energy resistance 1, electricity
resistance, torment resistance 1, petrification resistance
a: Renounce Religion, Heroism


You were on level 8 of the Dungeon.
You worshipped Okawaru.
Okawaru was most pleased with you.
You visited 2 branches of the dungeon, and saw 9 of its levels.
You also visited: Sewer.

You collected 419 gold pieces.
You spent 156 gold pieces at shops.

Inventory:

Hand Weapons
 D - a +0 battleaxe (weapon)
Missiles
 e - 5 curare-tipped darts (quivered)
 h - 7 boomerangs of dispersal
 v - 2 throwing nets
 A - 14 atropa-tipped darts
Armour
 k - a +0 plate armour (worn)
Jewellery
 t - a ring of willpower (left hand)
 z - a ring of willpower
 C - an amulet of the acrobat
Wands
 u - a wand of mindburst (9)
 B - a wand of acid (6)
Scrolls
 b - 2 scrolls of amnesia {unknown}
 f - a scroll of blinking {unknown}
 g - 2 scrolls of teleportation {unknown}
 i - 4 scrolls of immolation
 l - a scroll of brand weapon {unknown}
 n - a scroll of vulnerability {unknown}
 q - 2 scrolls of identify
 s - a scroll of enchant weapon {unknown}
 w - a scroll of fog {unknown}
 x - a scroll of noise {unknown}
 y - a scroll of enchant armour {unknown}
Potions
 a - a potion of lignification {unknown}
 d - 2 potions of might
 j - 2 potions of magic
 o - a potion of attraction {unknown}
 p - 2 potions of curing


   Skills:
 + Level 7.7 Fighting
 * Level 1.8(4.2) Axes
 - Level 6.7(6.9) Maces & Flails
 + Level 7.8 Armour
 - Level 7.0 Dodging
 - Level 3.2 Shields


You had 9 spell levels left.
You didn't know any spells.
Your spell library was empty.

Dungeon Overview and Level Annotations

Branches:
Dungeon (8/15)             Temple (1/1) D:5           Sewer (visited)
   Lair: D:8-11

Altars:
Dithmenos
Elyvilon
Fedhas
Gozag
Hepliaklqana
Kikubaaqudgha
Makhleb
Nemelex Xobeh
Okawaru
Qazlal
Ru
Sif Muna
Trog
Uskayaw
Wu Jian
Xom
Yredelemnul
Zin
The Shining One

Shops:
D:2 !*   D:4 !

Annotations:
D:5 2 transporters, orehx's ghost, novice SpEn
D:6 5 runed translucent doors


Innate Abilities, Weirdness & Mutations

You are immune to sickness and miasma.
Your stone body is resilient. (AC +7)
You are immune to poison.
You resist negative energy. (rN+)
You are resistant to electric shocks. (rElec)
You are resistant to unholy torment.
You are immune to petrification.


Message History

A kobold brigand comes into view.
It is wielding a +0 short sword and quivering poisoned darts.
You hit the kobold but do no damage. The kobold hits you but does no damage.
The kobold barely misses you.
A kobold comes into view. It is wielding a +0 dagger.
You hit the kobold.
You kill the kobold!
You slash the kobold!
You kill the kobold!
Okawaru accepts your kill. The kobold hits you but does no damage.
Your plate armour prevents you from hitting the kobold.
The kobold hits you but does no damage.
A kobold comes into view. It is wielding a +0 short sword.
You slash the kobold!
You kill the kobold!
Okawaru accepts your kill. The kobold barely misses you.
You barely miss the kobold. The kobold hits you but does no damage.
You barely miss the kobold. The kobold barely misses you.
You miss the kobold brigand.
A kobold comes into view. It is wielding a +0 dagger.
You slash the kobold brigand!
The kobold brigand is moderately wounded.
The kobold brigand hits you but does no damage.
The kobold brigand hits you with a +0 short sword.
* * * LOW HITPOINT WARNING * * *
You barely miss the kobold brigand.
The kobold brigand is moderately wounded.
The kobold brigand closely misses you.
A kobold comes into view. It is wielding a +0 short sword.
You slice the kobold brigand!!
The kobold brigand is almost dead.
The kobold brigand hits you with a +0 short sword.
* * * LOW HITPOINT WARNING * * *
The kobold brigand hits you with a +0 short sword.
* * * LOW HITPOINT WARNING * * *
You hit the kobold brigand but do no damage.
The kobold brigand is almost dead.
The kobold brigand hits you with a +0 short sword!
You die...

#### ...# ######### ...#
###########.......# ...#
#........@KK....#
...#####.#########K###.#
...##....# #...$.....#
...##.##.# #.........#
...##..#.# #.....y..##
...##..#.# #..........
...#...### #........###
...#.### #.........
#.##.# #.........#


You could see a kobold brigand and 2 kobolds.

Vanquished Creatures
  A deep elf zephyrmancer (D:7)
  Prince Ribbit (D:5)
  Sigmund (D:2)
  2 steam dragons
  Eustachio (D:6)
  2 ice beasts (D:6)
  An ogre (D:4)
  A necrophage (D:5)
  4 centaurs
  A kobold brigand (D:5)
  4 scorpions
  2 bullfrogs
  A water moccasin zombie (D:5)
  A gnoll sergeant (D:7)
  4 killer bees (D:8)
  A bullfrog zombie (D:5)
  2 centaur zombies
  3 orc priests
  2 bullfrog skeletons
  A centaur skeleton (D:4)
  A gnoll shaman (D:6)
  4 hounds
  Terence (D:2)
  An iguana (D:7)
  An orc wizard (D:7)
  A hound skeleton (D:5)
  A howler monkey zombie (D:5)
  15 gnolls
  17 adders
  2 river rats (D:3)
  A worm (D:2)
  2 dart slugs (D:1)
  21 orcs
  21 ball pythons
  15 endoplasms
  14 giant cockroaches
  13 goblins
  16 hobgoblins
  2 jackals (D:3)
  19 quokkas
  4 bats
  7 frilled lizards
  16 kobolds
  A quokka skeleton (D:4)
  4 rats
236 creatures vanquished.

Notes
Turn   | Place    | Note
-------+----------+-------------------------------------------
     0 | D:1      | MovingMist the Gargoyle Fighter began the quest for the
                  | Orb.
     0 | D:1      | Reached XP level 1. HP: 14/14 MP: 1/1
   168 | D:1      | Reached XP level 2. HP: 6/19 MP: 2/2
   603 | D:1      | Found a faded altar of an unknown god.
   677 | D:1      | Reached skill level 1 in Dodging
   705 | D:1      | Reached XP level 3. HP: 4/23 MP: 3/3
  1568 | D:1      | Found a glowing silver altar of Zin.
  1670 | D:2      | Found a basalt altar of Yredelemnul.
  2026 | D:2      | Reached XP level 4. HP: 25/29 MP: 4/4
  2161 | D:2      | Found Teiceod's General Store.
  2171 | D:2      | Found Anoycuut's Distillery.
  2173 | D:2      | Bought a scroll of identify for 20 gold pieces
  2178 | D:2      | Bought a potion of heal wounds for 70 gold pieces
  2191 | D:2      | Noticed Sigmund
  2209 | D:2      | Killed Sigmund
  2210 | D:2      | Reached XP level 5. HP: 3/33 MP: 5/5
  2767 | D:2      | Reached XP level 6. HP: 34/38 MP: 6/6
  2851 | D:2      | Noticed Terence
  2863 | D:2      | Killed Terence
  3189 | D:3      | Found a white marble altar of Elyvilon.
  3507 | D:3      | Found a glowing drain.
  3518 | Sewer    | Entered a sewer
  3944 | Sewer    | Reached XP level 7. HP: 30/44 MP: 7/7
  4406 | D:3      | Reached skill level 5 in Armour
  4885 | D:4      | Reached skill level 5 in Fighting
  5253 | D:4      | Found Ikekeski's Distillery.
  5256 | D:4      | Bought 2 potions of curing for 66 gold pieces
  5573 | D:4      | You fall into a shaft and drop 3 floors!
  5587 | D:5      | Entered Level 5 of the Dungeon
  5771 | D:5      | Found a transporter.
  5827 | D:5      | Reached XP level 8. HP: 45/50 MP: 8/8
  5835 | D:5      | Found a glowing silver altar of Zin.
  5887 | D:5      | Found a transporter.
  5889 | D:5      | Noticed orehx's ghost (novice SpEn)
  6106 | D:5      | Found a staircase to the Ecumenical Temple.
  6123 | D:5      | Noticed Prince Ribbit
  6138 | Temple   | Entered the Ecumenical Temple
  6371 | Temple   | Became a worshipper of Warmaster Okawaru
  6407 | D:5      | Killed Prince Ribbit
  6408 | D:5      | Reached skill level 5 in Dodging
  6694 | D:4      | Reached * piety under Okawaru
  6695 | D:4      | Reached skill level 5 in Maces & Flails
  7330 | D:6      | Reached XP level 9. HP: 53/56 MP: 9/9
  7397 | D:6      | Noticed Eustachio
  7512 | D:6      | Killed Eustachio
  7656 | D:6      | Found a runed translucent door.
  7662 | D:6      | Found a runed translucent gate.
  7664 | D:6      | Found a runed translucent gate.
  7664 | D:6      | Found a runed translucent gate.
  7673 | D:6      | Found a runed translucent door.
  7682 | D:6      | Found the +9 staff of Olgreb {rPois∞}
  8257 | D:6      | Reached ** piety under Okawaru
  9938 | D:7      | Noticed a deep elf zephyrmancer
  9950 | D:7      | Killed a deep elf zephyrmancer
 10145 | D:8      | Reached XP level 10. HP: 62/63 MP: 10/10
 10222 | D:8      | Found a hide-covered altar of Uskayaw.
 10326 | D:8      | Reached *** piety under Okawaru
 10345 | D:8      | Reached skill level 1 in Axes
 10368 | D:8      | HP: 3/64 [kobold brigand (2)]
 10369 | D:8      | Slain by a kobold brigand

Illustrated notes

Levels and vault maps discovered:
D:1:      dpeg_arrival_water_altar, layout_rooms,
          shapermc_ecumenical_altar_totnotflames, minmay_hedge_maze,
          minmay_heptomino_l4
D:2:      layout_basic, serial_shops, shop, shop, basic_altar,
          minmay_fountain_box, uniq_terence, uniq_sigmund
D:3:      layout_basic, lemuel_crystal_altar, gup_sewer_entry_bubbles
D:4:      layout_loops_ring, serial_shops, kennysheep_mini
D:5:      layout_basic, mainiacjoe_overflow_surrounded_room,
          minmay_temple_entry_hall, gammafunk_ghost_stat_death,
          uniq_prince_ribbit1
D:6:      layout_basic, minmay_guarded_unrand_staff_of_olgreb, uniq_eustachio
D:7:      layout_loops_ring, guppyfry_early_elven_hall
D:8:      gammafunk_jiyva_shrine, layout_basic,
          mainiacjoe_overflow_six_doors_small
Temple:   eino_temple_scatter_basement

Skill      XL: |  1  2  3  4  5  6  7  8  9 10 |
---------------+-------------------------------+-----
Dodging        | 1 2 3 4 5 7 |  7.0
Fighting       | 4 5 6 7 |  7.7
Maces & Flails | 3 4 5 6 |  6.7
Armour         | 4 5 6 7 |  7.8
Axes           | 1 |  1.8
Shields        | |  3.2

Action                   |  1- 3 |  4- 6 |  7- 9 | 10-12 || total
-------------------------+-------+-------+-------+-------++-------
Melee: Flail             |    93 |       |       |       ||    93
       Dagger            |    51 |   242 |    97 |       ||   390
       Trident           |       |       |   474 |     3 ||   477
       Battleaxe         |       |       |       |    63 ||    63
Throw: Dart              |       |     3 |     1 |       ||     4
Invok: Heroism           |       |       |     1 |     1 ||     2
  Use: Scroll            |       |     3 |       |       ||     3
       Potion            |       |       |       |     1 ||     1
Armor: Scale mail        |    72 |   123 |    11 |       ||   206
       Plate armour      |       |       |   612 |    76 ||   688
Dodge: Dodged            |    40 |   103 |   175 |    52 ||   370
Block: Kite shield       |    78 |   140 |   384 |       ||   602

Table legend: (Time is in decaauts)
 A = Elapsed time spent in this place.
 B = Non-inter-level travel time spent in this place.
 C = Inter-level travel time spent in this place.
 D = Time resting spent in this place.
 E = Time spent auto-exploring this place.
 F = Levels seen in this place.
 G = Mean time per level.
                   A        B        C        D        E       F      G
               +--------+--------+--------+--------+--------+-----+--------+
         Total |  10937 |  10714 |    223 |   2036 |   5740 |  10 | 1093.7 |
       Dungeon |   9876 |   9691 |    185 |   1946 |   5296 |   8 | 1234.5 |
        Temple |    251 |    213 |     38 |      0 |    211 |   1 |  251.0 |
         Sewer |    809 |    809 |      0 |     90 |    232 |   1 |  809.0 |
               +--------+--------+--------+--------+--------+-----+--------+

Top non-repeatable levels by time:
     D:5: 1767 daAuts
     D:1: 1713 daAuts
     D:2: 1516 daAuts
     D:7: 1502 daAuts
     D:3: 1085 daAuts
     D:6: 1047 daAuts
     D:4: 980 daAuts
   Sewer: 809 daAuts
     D:8: 264 daAuts
  Temple: 251 daAuts
